 Dungeon Crawl Stone Soup version 0.31-a0-354-g827e0957a7 (webtiles) character file.

Game seed: 17525426544727962762

1120 avis the Ruffian (level 8, -6/68 HPs)
             Began as a Hill Orc Shapeshifter on July 23, 2023.
             Was a Follower of Beogh.
             Succumbed to Duvessa's poison
             ... on level 4 of the Dungeon.
             The game lasted 00:18:48 (4279 turns).

avis the Ruffian (Hill Orc Shapeshifter)            Turns: 4279, Time: 00:18:49

Health: -6/68      AC:  8    Str: 25    XL:     8   Next: 34%
Magic:  11/11      EV:  9    Int:  8    God:    Beogh [*.....]
Gold:   216        SH:  0    Dex: 11    Spells: 7/7 levels left

rFire   . . .        a - +8 short sword "Vace" {flame, Str+5}
rCold   . . .        (no shield)
rNeg    . . .        m - +0 chain mail
rPois   .            (helmet currently unavailable)
rElec   .            (cloak currently unavailable)
rCorr   .            (gloves currently unavailable)
SInv    .            (boots currently unavailable)
Will    .....        (no amulet) Stlth
                     (no ring)
HPRegen 0.31/turn    (no ring)
MPRegen 0.12/turn

%: no passive effects
@: lethally poisoned (-6 -> -46), beast-form
A: beast (slay +3)
a: Begin Untransformation, Renounce Religion


You were on level 4 of the Dungeon.
You worshipped Beogh.
Beogh was aware of your devotion.
You were a hulking beast.
You visited 2 branches of the dungeon, and saw 6 of its levels.

You collected 216 gold pieces.

Inventory:

Hand Weapons
 a - the +8 short sword "Vace" (weapon) {flame, Str+5}
   (You found it on level 2 of the Dungeon)

   Str:       It affects your strength (+5).
 d - a +4 trident of freezing
 l - a +2 dagger of venom
 n - a +0 sling
 s - a +3 morningstar
 t - a +0 trident
Missiles
 B - 6 boomerangs
 C - 2 curare-tipped darts
Armour
 m - a +0 chain mail (worn)
Talismans
 c - a beast talisman
Wands
 v - a wand of digging (1)
 A - a wand of flame (38)
Scrolls
 e - a scroll of fear {unknown}
 g - 2 scrolls of revelation {unknown}
 k - 6 scrolls of teleportation {unknown}
 o - 3 scrolls of identify {unknown}
 p - a scroll of enchant armour {unknown}
 q - 2 scrolls of enchant weapon {unknown}
 w - a scroll of summoning {unknown}
 x - a scroll of blinking {unknown}
 y - 2 scrolls of fog {unknown}
 D - a scroll of poison {unknown}
Potions
 b - a potion of lignification
 f - 2 potions of might {unknown}
 h - a potion of berserk rage {unknown}
 i - a potion of attraction {unknown}
 j - a potion of curing {unknown}
 r - 2 potions of degeneration {unknown}
 u - 2 potions of haste {unknown}
 z - 2 potions of heal wounds {unknown}


   Skills:
 + Level 5.2 Fighting
 - Level 1.5 Dodging
 + Level 5.8 Unarmed Combat
 + Level 4.8 Invocations
 * Level 5.4 Shapeshifting


You had 7 spell levels left.
You didn't know any spells.
Your spell library contained the following spells:

 Spells                   Type           Power      Damage    Failure   Level
 Poisonous Vapours        Pois/Air       0%         N/A       99%         2
 Wereblood                Tmut           0%         N/A       99%         2
 Mephitic Cloud           Conj/Pois/Air  0%         N/A       100%        3
 Freezing Cloud           Conj/Ice/Air   0%         6-21      100%        5
 Irradiate                Conj/Tmut      0%         3d11      100%        5


Dungeon Overview and Level Annotations

Branches:
Dungeon (5/15)             Temple (1/1) D:4

Altars:
Ashenzari
Cheibriados
Dithmenos
Elyvilon
Fedhas
Gozag
Hepliaklqana
Kikubaaqudgha
Nemelex Xobeh
Okawaru
Qazlal
Ru
Sif Muna
Trog
Uskayaw
Vehumet
Wu Jian
Xom
Yredelemnul
Zin
The Shining One

Annotations:
D:4 Duvessa


Message History

Beogh accepts your kill.
You hear a distant scream of rage.
A sleepcap and a hound come into view.
Found an escape hatch in the ceiling.
The hound barks!
The hound pauses to sniff the ground.
Items here: ) / [ †.
You hit the hound. You burn the hound.
The hound is moderately wounded.
The hound bites you.
You hit the hound. You burn the hound.
The hound is heavily wounded.
The hound bites you. x2
Duvessa, Sister of Dowan comes into view.
She is wielding a +2 rapier of venom.
Duvessa shouts!
You puncture the hound! You burn the hound.
You kill the hound!
Beogh accepts your kill.
Duvessa goes berserk!
Things that are here:
a +0 flail; a +0 leather armour You hear a shout! x2
You hear a shout!
Duvessa hits you with a +2 rapier of venom!
You are poisoned.
You feel very sick.
Duvessa hits you with a +2 rapier of venom!
You are more poisoned.
There is an escape hatch in the ceiling, spattered with blood here.
You feel very sick.
Duvessa hits you with a +2 rapier of venom!
You are more poisoned.
Duvessa hits you with a +2 rapier of venom!
* * * LOW HITPOINT WARNING * * *
You are more poisoned.
The sleepcap barely misses you. A mysterious force pulls you upwards.
The hatch slams shut behind you.
* * * LOW HITPOINT WARNING * * *
You feel extremely sick.
You die...

....#.(...#.................#####
......#.........##..##...#<..#
....##............#......###.####
...###..(.............##.....##..
......................####.......
.....###...................####..
.................fe).....#####...
.....###.............###..#......
....>#.....##.##h##.##......#####
...........#.........#.......####
......##...............###.#))...
#.##.......#..⌠...⌠..#...........
#.##..##...#.........##.##.......
#.#........)....>.......##.......
#.....#....#(........#####.......
...#.......#..⌠...⌠..#...........
.......................###.......


You could see Duvessa (berserk) and a sleepcap.

Vanquished Creatures
  Menkaure (D:3)
  An ice beast (D:5)
  An ogre (D:4)
  2 scorpions (D:5)
  4 wights
  Dowan (D:5)
  A jelly (D:5)
  A hound (D:5)
  3 orc priests
  An iguana (D:3)
  2 orc wizards (D:4)
  3 gnolls
  7 adders
  A white imp (D:5)
  2 worms (D:2)
  A dart slug (D:2)
  18 orcs
  7 bats
  7 endoplasms
  5 giant cockroaches
  6 goblins
  8 hobgoblins
  6 jackals
  7 kobolds
  A quokka (D:1)
  5 ball pythons
  A frilled lizard (D:1)
  4 rats
107 creatures vanquished.

Vanquished Creatures (others)
  An orc priest (D:3)
1 creature vanquished.

Grand Total: 108 creatures vanquished

Notes
Turn   | Place    | Note
-------+----------+-------------------------------------------
     0 | D:1      | avis the Hill Orc Shapeshifter began the quest for the Orb.
     0 | D:1      | Reached XP level 1. HP: 16/16 MP: 1/1
   102 | D:1      | Reached XP level 2. HP: 23/23 MP: 2/2
   409 | D:1      | Reached XP level 3. HP: 29/29 MP: 3/3
   447 | D:1      | Found a faded altar of an unknown god.
  1130 | D:2      | Identified the +8 short sword "Vace" {flame, Str+5}
  1291 | D:2      | Reached XP level 4. HP: 37/37 MP: 4/4
  1698 | D:3      | Became a worshipper of Beogh the Brigand
  2320 | D:3      | Reached skill level 1 in Invocations
  2320 | D:3      | Reached XP level 5. HP: 35/44 MP: 5/5
  2468 | D:4      | Noticed Menkaure
  2473 | D:3      | Killed Menkaure
  2474 | D:3      | Reached XP level 6. HP: 24/51 MP: 5/7
  2858 | D:4      | Identified the +0 trident "Rorr" {venom, rN+ Will+}
  2930 | D:4      | Found a staircase to the Ecumenical Temple.
  2936 | D:4      | Reached * piety under Beogh
  2943 | D:4      | Reached XP level 7. HP: 47/58 MP: 9/9
  3236 | Temple   | Entered the Ecumenical Temple
  3325 | D:5      | Entered Level 5 of the Dungeon
  3333 | D:4      | Reached skill level 5 in Unarmed Combat
  3901 | D:4      | Reached skill level 5 in Shapeshifting
  4017 | D:5      | Found a large runed translucent door.
  4017 | D:5      | Found a large runed translucent door.
  4020 | D:5      | Found a sparkling altar of Nemelex Xobeh.
  4136 | D:5      | Found a sacrificial altar of Ru.
  4167 | D:5      | Reached XP level 8. HP: 67/67 MP: 11/11
  4183 | D:5      | Reached skill level 5 in Fighting
  4258 | D:5      | Noticed Dowan
  4264 | D:5      | Killed Dowan
  4267 | D:5      | Noticed Duvessa
  4278 | D:4      | HP: 2/68 [poisoned by Duvessa]
  4279 | D:4      | Succumbed to Duvessa's poison

Illustrated notes

Levels and vault maps discovered:
D:1:      dpeg_arrival_pond, layout_basic, hellmonk_ecumenical_altar_zigzags
D:2:      layout_rooms
D:3:      cheibrodos_pilgrimage, layout_loops_ring
D:4:      layout_rooms, minmay_temple_entry_large_hall, uniq_menkaure
D:5:      layout_basic, jmf_multi_god_temple2, amethyst_killhole, uniq_pikel,
          uniq_duvessa
Temple:   hellmonk_temple_of_storms

Skill      XL: |  1  2  3  4  5  6  7  8 |
---------------+-------------------------+-----
Shapeshifting  | 3 4 5 |  5.4
Fighting       | 2 3 4 5 |  5.2
Unarmed Combat | 4 5 |  5.8
Invocations    | 1 2 3 4 |  4.8
Dodging        | |  1.5

Action                     |  1- 3 |  4- 6 |  7- 9 || total
---------------------------+-------+-------+-------++-------
  Melee: Battleaxe         |    25 |       |       ||    25
         Unarmed           |    45 |       |       ||    45
         Short sword       |    24 |    94 |    75 ||   193
         Punch             |     2 |     2 |     2 ||     6
 Invoke: Convert to Beogh  |       |     1 |       ||     1
 Armour: Animal skin       |    19 |       |       ||    19
         Scale mail        |     8 |       |       ||     8
         Chain mail        |    14 |    30 |    26 ||    70
  Dodge: Dodged            |    68 |    48 |    30 ||   146

Table legend: (Time is in decaauts)
 A = Elapsed time spent in this place.
 B = Non-inter-level travel time spent in this place.
 C = Inter-level travel time spent in this place.
 D = Time resting spent in this place.
 E = Time spent auto-exploring this place.
 F = Levels seen in this place.
 G = Mean time per level.
                   A        B        C        D        E       F      G
               +--------+--------+--------+--------+--------+-----+--------+
         Total |   4301 |   3848 |    453 |    970 |   1744 |   6 |  716.8 |
       Dungeon |   4291 |   3838 |    453 |    970 |   1744 |   5 |  858.2 |
        Temple |      9 |      9 |      0 |      0 |      0 |   1 |    9.0 |
               +--------+--------+--------+--------+--------+-----+--------+

Top non-repeatable levels by time:
     D:4: 1253 daAuts
     D:1: 1151 daAuts
     D:3: 990 daAuts
     D:2: 543 daAuts
     D:5: 353 daAuts
  Temple: 9 daAuts
